Unix NetHack Version 3.7.0-86 Work-in-progress - last build May 30 2023 01:50:43 (cc98dc9aa62a9957b082a042edf5bd7ec9f632c7,branch:master). Game began 2023-06-16 23:09:44, ended 2023-06-17 01:42:17. Judas, chaotic male elven Priest ------------------------ |......................| |.-------------------..| |.| ----- |.---- |%| |...-- --.|..| |.| |.`..|--|.....| |.| |....|..|.....| |[| --`.....|....-- |[|------ |...|.......| |)|.$$$$|-- |...|..|....| |%|$$$%.-.| |...|---....| |E|.$..?|-| --%.|..%....| |[-.....-.| --.|....---- --|.....|-| |.--.--- |$....-?| |.....| |.!...|-- |..|.>| ------- ------- Judas the Adept St:16 Dx:15 Co:15 In:8 Wi:20 Ch:11 Chaotic S:10834 Dlvl:5 $:855 HP:0(50) Pw:42(141) AC:-11 Xp:8/2174 T:9411 Deaf Latest messages: The warhorse drops a blessed axe. The warhorse hits the vampire bat. The warhorse bites the vampire bat. The vampire bat bites the warhorse. The vampire bat misses the warhorse. The large dog drops a dwarvish cloak. The warhorse hits the vampire bat. The warhorse bites the vampire bat. The vampire bat misses the warhorse. The vampire bat bites the warhorse. The warhorse hits the vampire bat. The vampire bat is killed! The pony drops a food ration. The warhorse picks up a blessed axe. The warhorse drops a blessed axe. The large dog picks up a dwarvish cloak. The pony picks up a food ration. The warhorse picks up a blessed axe. The large dog drops a dwarvish cloak. The pony drops a food ration. The warhorse drops a blessed axe. The pony picks up a large round shield. The warhorse picks up a blessed axe. The warhorse drops a blessed axe. The large dog picks up a dwarvish cloak. The warhorse picks up a blessed axe. You see here a food ration. The pony drops a large round shield. The large dog drops a dwarvish cloak. You hear some noises in the distance. The air elemental engulfs you! Your lamp called magic goes out! You are pummeled with debris! You hear some noises. You are pummeled with debris! You are pummeled with debris! What do you want to use or apply? [begkluxzJPS or ?*] z You start playing your leather drum. You beat a deafening row! You are pummeled with debris! You are pummeled with debris! You are pummeled with debris! What do you want to zap? [euJ or ?*] ? In what direction? j The bolt of fire rips into the air elemental! You are pummeled with debris! You are pummeled with debris! You are pummeled with debris! You die... Do you want your possessions identified? [ynq] (y) q Inventory: Coins $ - 855 gold pieces Weapons t - a +0 aklys (tethered weapon in hand) Armor p - a blessed +2 orcish helm (being worn) E - a blessed burnt +1 pair of leather gloves (being worn) K - a blessed +2 pair of iron shoes (being worn) c - a blessed burnt +3 small shield (being worn) M - a blessed +3 robe (being worn) U - a blessed +2 studded leather armor (being worn) Comestibles G - a partly eaten food ration D - a pancake V - 2 tripe rations v - a lizard corpse B - a lizard corpse Rings q - a +5 ring of gain strength (on left hand) F - a cursed ring of hunger C - a ring of poison resistance j - a ring of polymorph control i - a ring of regeneration Wands u - a wand of fire (0:0) e - a wand of make invisible (0:4) J - a wand of striking (0:7) Tools b - a sack containing 10 items z - a leather drum l - an expensive camera (0:56) S - a magic lamp x - a rustproof +0 pick-axe (alternate weapon; not wielded) k - a skeleton key P - a towel Gems/Stones L - an amber stone X - an aquamarine stone g - a blessed touchstone Contents of the sack: 813 gold pieces a blessed scroll of gold detection a scroll of destroy armor a cursed scroll of confuse monster a scroll of stinking cloud a blessed scroll of earth a potion of sickness a potion of holy water a potion of water a potion of unholy water Judas the Priest's attributes: Background: You were an Adept, a level 8 elven Priest. You were chaotic, on a mission for Loki who was opposed by Tyr (lawful) and Odin (neutral). You were in Sokoban, on level 5. You entered the dungeon 9411 turns ago. It was nighttime. There was a new moon in effect when your adventure ended. You had 2174 experience points, 386 more were needed to attain level 9. Your score was 10834 before end-of-game adjustments. Basics: You had 0 out of 50 hit points. You had 42 out of 141 energy points (spell power). Your armor class was -11. Your wallet contained 855 zorkmids, and you had 813 more stashed away in your pack. Autopickup was off. Final Characteristics: Your strength was 16 (base:11, limit:18). Your dexterity was 15 (limit:18). Your constitution was 15 (limit:16). Your intelligence was 8 (limit:20). Your wisdom was 20 (limit:20). Your charisma was 11 (limit:18). Final Status: You were deaf. You were engulfed by an air elemental. You were not hungry. You were unencumbered. You were wielding a club. You had expert skill with club. Final Attributes: You were piously aligned. You were sleep resistant. You were poison resistant. You were telepathic. You had infravision. You were guarded. You are dead. Miscellaneous: You never encountered a bones level. Total elapsed playing time was 2 hours, 32 minutes and 32 seconds. Major events: Turn 1: Judas the chaotic elven Priest entered the dungeon 1038: attained the rank of Acolyte (level 3) 1067: entered the Gnomish Mines 1351: reached Mine Town 4314: attained the rank of Adept (level 6) 5000: entered Sokoban 5513: completed 1st Sokoban level 6272: completed 2nd Sokoban level 6902: completed 3rd Sokoban level 8540: completed 4th Sokoban level 9411: killed by an air elemental Vanquished creatures: a watch captain a giant mimic a flesh golem 2 winter wolves a small mimic a warhorse a xan a sasquatch a gelatinous cube a mountain centaur a python 4 watchmen a chameleon a cockatrice 3 wolves a gremlin 2 leprechauns 2 scorpions a black light 2 vampire bats a yeti 2 gold golems 3 lizards a dingo a dwarf leader a blue jelly a dust vortex a human zombie 3 soldier ants a fire ant a Mordor orc 8 Uruk-hai 2 rock piercers a rock mole 3 yellow lights a shrieker 2 violet fungi 5 gnome leaders a gnomish wizard an elf zombie a ghoul 6 giant ants 5 floating eyes 8 dwarves a homunculus a kobold leader a kobold shaman 7 hill orcs 3 rothes 2 iguanas 11 killer bees an acid blob 3 hobbits a large kobold 2 hobgoblins 4 giant rats 6 cave spiders a yellow mold a red mold 17 gnomes a gnome zombie a gecko 6 jackals a fox 2 kobolds a goblin 2 sewer rats 12 grid bugs 8 lichens 7 newts 192 creatures vanquished. No species were genocided or became extinct. Voluntary challenges: You read items or engraved 5 times. You never engraved Elbereth. You never genocided any monsters. You never polymorphed an object. You never changed form. You used no wishes. You did not violate any of the special Sokoban rules. Achievements: You attained the rank of Acolyte. You entered the Gnomish Mines. You entered Minetown. You entered a temple. You entered a shop. You attained the rank of Adept. You entered Sokoban. The Dungeons of Doom: levels 1 to 10 Level 1: A fountain. Level 2: Level 3: Some fountains. Stairs down to The Gnomish Mines. Level 4: Level 5: A potion shop. Level 6: Level 7: "stash cpbd E" A fountain. Level 8: "oracle" Level 9: Stairs up to Sokoban, level 8. Level 10: A fountain. The Gnomish Mines: levels 4 to 6 Level 4: Level 5: Level 6: Many shops, a temple to Loki, many fountains. Sokoban: levels 8 up to 5 Level 5: <- You were here. Solved. Final resting place for you, killed by an air elemental. Level 6: Solved. Level 7: Solved. Level 8: Solved. Game over: ---------- / \ / REST \ / IN \ / PEACE \ / \ | Judas | | 1668 Au | | killed by an air | | elemental | | | | | | 2023 | *| * * * | * _________)/\\_//(\/(/\)/\//\/|_)_______ Goodbye Judas the Priest... You died in Sokoban on dungeon level 5 with 10668 points, and 1668 pieces of gold, after 9411 moves. You were level 8 with a maximum of 50 hit points when you died.